 Dungeon Crawl Stone Soup version 0.30-a0-782-ge64f9170bb (webtiles) character file.

Game seed: 6695482634449883315

2643 112233 the Thaumaturge (level 9, -3/48 (52) HPs)
             Began as a Deep Elf Necromancer on Feb 26, 2023.
             Was a Follower of Sif Muna.
             Slain by a wight
             ... wielding a +0 long sword
              (7 damage)
             ... on level 7 of the Dungeon.
             The game lasted 00:09:09 (7125 turns).

112233 the Thaumaturge (Deep Elf Necromancer)       Turns: 7125, Time: 00:09:09

HP:   -3/48 (52)    AC:  5    Str:  5    XL:     9   Next: 35%
MP:   17/25         EV: 15    Int: 25    God:    Sif Muna [*.....]
Gold: 243           SH:  0    Dex: 15    Spells: 15/28 levels left

rFire   . . .      SeeInvis .    l - +0 great sword
rCold   . . .      Faith    .    (shield currently unavailable)
rNeg    . . .      Spirit   .    a - +0 robe
rPois   .          Reflect  .    (no helmet)
rElec   .          Harm     .    h - +0 cloak
rCorr   .          Rampage  .    r - +0 pair of gloves
Will    .....                    i - +0 pair of boots
Stlth   ++                       (no amulet)
HPRegen 0.28/turn                (no ring)
MPRegen 0.19/turn                (no ring)

@: drained
A: no striking features
a: Renounce Religion, Channel Magic


You were on level 7 of the Dungeon.
You worshipped Sif Muna.
Sif Muna was aware of your devotion.
You visited 2 branches of the dungeon, and saw 10 of its levels.

You collected 243 gold pieces.

Inventory:

Hand Weapons
 c - a +0 spear
 l - a +0 great sword (weapon)
 p - a +0 dagger of venom
 q - a +2 hand axe of electrocution
 D - a +3 flail of draining
Armour
 a - a +0 robe (worn)
 h - a +0 cloak (worn)
 i - a +0 pair of boots (worn)
 r - a +0 pair of gloves (worn)
Wands
 A - a wand of digging (7)
 C - a wand of charming (6)
 E - a wand of flame (30)
 F - a wand of iceblast (9)
Scrolls
 e - a scroll of vulnerability {unknown}
 f - 2 scrolls of fear
 j - 2 scrolls of immolation {unknown}
 k - 2 scrolls of amnesia {unknown}
 n - a scroll of torment {unknown}
 o - 4 scrolls of identify {unknown}
 t - 2 scrolls of enchant armour {unknown}
 v - 2 scrolls of blinking {unknown}
 w - a scroll of magic mapping {unknown}
 x - a scroll of enchant weapon {unknown}
 y - a scroll of teleportation
 z - a scroll of silence {unknown}
Potions
 b - 2 potions of magic
 d - 5 potions of curing {unknown}
 g - 4 potions of heal wounds {unknown}
 m - 2 potions of cancellation {unknown}
 s - a potion of lignification {unknown}
 u - a potion of flight {unknown}
 B - a potion of mutation {unknown}


   Skills:
 + Level 4.0 Fighting
 + Level 6.7 Dodging
 - Level 2.4 Stealth
 * Level 10.1 Spellcasting
 * Level 10.1 Necromancy


You had 15 spell levels left.
You knew the following spells:

 Your Spells              Type           Power      Damage    Failure   Level
a - Necrotise             Necr           100%       1d9       1%          1
b - Vampiric Draining     Necr           59%        2d10      1%          3
c - Animate Dead          Necr           59%        N/A       1%          4
d - Agony                 Necr           59%        N/A       1%          5

Your spell library contained the following spells:

 Spells                   Type           Power      Damage    Failure   Level


Dungeon Overview and Level Annotations

Branches:
Dungeon (9/15)             Temple (1/1) D:6            Lair (0/5) D:9
    Orc: D:9-12

Altars:
Ashenzari
Cheibriados
Dithmenos
Elyvilon
Fedhas
Gozag
Hepliaklqana
Kikubaaqudgha
Makhleb
Nemelex Xobeh
Okawaru
Qazlal
Sif Muna
Trog
Wu Jian
Xom
Yredelemnul
Zin

Annotations:
D:2 1 runed translucent door, Crazy Yiuf
D:4 exclusion: downstairs


Message History

Your hound zombie bites the wight but does no damage.
The wight misses you.
Your ice beast zombie hits the wight but does no damage.
Your hound zombie misses the wight.
The wight barely misses you.
You barely miss the wight.
The wight is moderately damaged.
Your hound zombie is no longer covered in acid.
Your hound zombie bites the wight but does no damage.
The wight hits you with a +0 long sword.
Your ice beast zombie closely misses the wight.
Your hound zombie bites the wight.
The wight hits you with a +0 long sword!
* * * LOW HITPOINT WARNING * * *
Your ice beast zombie hits the wight.
Unknown command.
You barely miss the wight.
The wight is heavily damaged.
Your hound zombie bites the wight but does no damage. x2
The wight hits you but does no damage.
Your ice beast zombie closely misses the wight.
Your hound zombie bites the wight but does no damage.
Unknown command.
You barely miss the wight.
The wight is heavily damaged.
The wight misses you.
Your hound zombie bites the wight but does no damage.
The wight hits you with a +0 long sword.
* * * LOW HITPOINT WARNING * * *
Your ice beast zombie barely misses the wight.
Your hound zombie closely misses the wight.
Unknown command.
You barely miss the wight.
The wight is heavily damaged.
Your hound zombie bites the wight but does no damage.
The wight hits you with a +0 long sword!
* * * LOW HITPOINT WARNING * * *
You feel drained.
Your ice beast zombie hits the wight.
Your hound zombie bites the wight but does no damage.
The wight hits you with a +0 long sword!
You die...

...........##.#
...
.....##.....#.#..#
#....
#.##.##.#..###
.....
#.##....<....# ##
.. ####)####.#
########......#
.............#
.............#
.........@)..#
........ZzZ..#
.............#
.......!.....#
.............#
...............
###........###
.........#
.....####.#


You could see a wight (ally target), a friendly hound zombie and a friendly ice
beast zombie.

Vanquished Creatures
  A steam dragon (D:8)
  A water moccasin (D:8)
  Edmund (D:6)
  2 ice beasts (D:7)
  2 sky beasts
  A black bear (D:6)
  An ogre (D:5)
  4 necrophages
  A bullfrog (D:6)
  4 scorpions
  2 wights (D:7)
  A howler monkey (D:8)
  3 vampire bats (D:5)
  3 jellies
  3 orc priests (D:4)
  5 hounds
  Terence (D:3)
  2 iguanas (D:5)
  2 orc wizards (D:4)
  6 gnolls
  5 adders
  A shadow imp (D:6)
  A white imp (D:6)
  An ufetubus (D:6)
  2 worms
  3 dart slugs
  18 orcs
  A ball python (D:2)
  7 endoplasms
  2 giant cockroaches
  4 goblins
  8 hobgoblins
  3 jackals (D:4)
  10 kobolds
  2 quokkas
  11 bats
  4 frilled lizards
  A rat (D:1)
130 creatures vanquished.

Vanquished Creatures (collateral kills)
  A water moccasin (D:8)
  2 wights
  A white imp (D:6)
  An orc (D:4)
  2 ball pythons (D:1)
  A bat (D:5)
  2 kobolds
  A rat (D:3)
11 creatures vanquished.

Vanquished Creatures (others)
  A necrophage (D:8)
  A water moccasin zombie (D:8)
  A steam dragon zombie (D:8)
  4 bat zombies (D:5)
  A jackal zombie (D:4)
  4 orc zombies
12 creatures vanquished.

Grand Total: 153 creatures vanquished

Notes
Turn   | Place    | Note
-------+----------+-------------------------------------------
     0 | D:1      | 112233 the Deep Elf Necromancer began the quest for the
                  | Orb.
     0 | D:1      | Reached XP level 1. HP: 10/10 MP: 6/6
   261 | D:1      | Reached skill level 5 in Necromancy
   287 | D:1      | Reached XP level 2. HP: 15/15 MP: 5/8
  1017 | D:2      | Reached XP level 3. HP: 20/20 MP: 7/10
  1098 | D:2      | Learned a level 3 spell: Vampiric Draining
  1290 | D:2      | Reached XP level 4. HP: 24/24 MP: 10/12
  1704 | D:2      | Found a runed translucent door.
  1705 | D:2      | Noticed Crazy Yiuf
  1938 | D:3      | Reached skill level 1 in Fighting
  2150 | D:3      | Learned a level 4 spell: Animate Dead
  2269 | D:3      | Noticed Terence
  2275 | D:3      | Killed Terence
  2276 | D:3      | Reached XP level 5. HP: 29/29 MP: 8/14
  2803 | D:4      | Reached skill level 5 in Spellcasting
  2900 | D:4      | Reached XP level 6. HP: 16/34 MP: 3/16
  4040 | D:4      | Noticed a sky beast
  4051 | D:4      | Killed a sky beast
  4052 | D:4      | Reached XP level 7. HP: 40/40 MP: 0/18
  4189 | D:5      | Entered Level 5 of the Dungeon
  4342 | D:4      | Learned a level 5 spell: Agony
  4975 | D:5      | Reached skill level 5 in Dodging
  5075 | D:5      | Reached XP level 8. HP: 41/45 MP: 17/21
  5586 | D:6      | Noticed Edmund
  5592 | D:6      | Killed Edmund
  5724 | D:6      | Found a staircase to the Ecumenical Temple.
  5733 | Temple   | Entered the Ecumenical Temple
  5836 | Temple   | Became a worshipper of Sif Muna the Loreminder
  6461 | D:6      | You fall into a shaft and drop 3 floors!
  6461 | D:9      | Found a staircase to the Lair.
  6798 | D:8      | Reached XP level 9. HP: 52/52 MP: 24/24
  7102 | D:7      | Reached * piety under Sif Muna
  7103 | D:7      | Reached skill level 10 in Spellcasting
  7103 | D:7      | Reached skill level 10 in Necromancy
  7125 | D:7      | Slain by a wight

Illustrated notes

Levels and vault maps discovered:
D:1:      sevenhm_arrival_forest_fort_small_5, layout_loops_ring,
          hangedman_feature_mirror
D:2:      layout_loops_ring, uniq_crazy_yiuf_cottage
D:3:      layout_rooms, uniq_terence
D:4:      layout_basic
D:5:      layout_layer_cave, roderic_batcave, st_stairs_8
D:6:      minmay_recursive_quarters, layout_basic,
          minmay_temple_entry_sparse_star, nicolae_ossuary_entry_plus,
          corner_web_ring, uniq_edmund
D:7:      layout_basic, gammafunk_ghost_wrathful_warriors,
          minmay_misc_feat_doors, skrybe_limestone_x
D:8:      layout_loops_corners, nicolae_tso_besieged_by_evil,
          mainiacjoe_overflow_boulevard, minmay_joined_circles
D:9:      layout_big_octagon, lemuel_doored_altar, lair_entry_dummy,
          enter_bailey_4, hellmonk_guarded_unrand_night
Temple:   nicolae_temple_bog_church

Skill      XL: |  1  2  3  4  5  6  7  8  9 |
---------------+----------------------------+-----
Necromancy     | 5 6 7 8 9 10 | 10.1
Dodging        | 3 4 5 6 |  6.7
Spellcasting   | 4 5 6 7 9 10 | 10.1
Fighting       | 1 2 3 4 |  4.0
Stealth        | |  2.4

Action                     |  1- 3 |  4- 6 |  7- 9 || total
---------------------------+-------+-------+-------++-------
  Melee: Unarmed           |     2 |       |       ||     2
         Great sword       |       |    19 |    86 ||   105
   Cast: Necrotise         |    52 |   103 |    43 ||   198
         Vampiric Draining |       |    10 |    39 ||    49
         Animate Dead      |       |     2 |     7 ||     9
         Agony             |       |       |     2 ||     2
  Evoke: Wand              |       |       |     7 ||     7
    Use: Scroll            |       |       |     2 ||     2
   Stab: Sleeping          |       |       |     1 ||     1
 Armour: Robe              |     1 |    17 |    40 ||    58
  Dodge: Dodged            |     8 |    44 |   126 ||   178

Table legend: (Time is in decaauts)
 A = Elapsed time spent in this place.
 B = Non-inter-level travel time spent in this place.
 C = Inter-level travel time spent in this place.
 D = Time resting spent in this place.
 E = Time spent auto-exploring this place.
 F = Levels seen in this place.
 G = Mean time per level.
                   A        B        C        D        E       F      G
               +--------+--------+--------+--------+--------+-----+--------+
         Total |   7200 |   6828 |    372 |    652 |   5064 |  10 |  720.0 |
       Dungeon |   7087 |   6750 |    337 |    652 |   5004 |   9 |  787.4 |
        Temple |    112 |     78 |     34 |      0 |     60 |   1 |  112.0 |
               +--------+--------+--------+--------+--------+-----+--------+

Top non-repeatable levels by time:
     D:4: 1767 daAuts
     D:5: 1033 daAuts
     D:1: 986 daAuts
     D:2: 944 daAuts
     D:3: 854 daAuts
     D:6: 821 daAuts
     D:8: 378 daAuts
     D:7: 280 daAuts
  Temple: 112 daAuts
     D:9: 20 daAuts
